AoeStats
← CrazyBen

Black Forest

505828529Analyzed
4v4 RM · 22d ago on Sep 11, 2026· 49m 17s· 8 players
Game mode
Random Map
Map size
Large (8 player)
Population
200
Speed
Normal
Resources
Standard
Victory
Conquest
Starting age
Dark Age
Ending age
Imperial Age
RankedLock teamsTeams togetherTeam positionsShared explorationLock speedFull tech treeHidden civsTurbo modeCheats
Victory
Defeat
🇮🇩 Lithuanians · Indonesia
1808
+4
🇨🇳 Sicilians · China
1694
+7
🇨🇦 Maya · Canada
1636
+9
🇫🇷 Japanese · France
1480
+13
🇹🇼 Saracens · Taiwan
1486
-10
🇪🇸 Dravidians · Spain
1475
-8
🇭🇰 Turks · Hong Kong SAR China
1465
-8
🇨🇳 Britons · China
1425
-7
JMDDN
0:25 Loom
10:06 Feudal Age
10:41 Double-Bit Axe
16:02 Castle Age
23:40 Imperial Age
22:15 Bow Saw
23:34 Masonry
23:30 Fletching
24:45 Fortified Wall
26:23 Fishing Lines
28:13 Wheelbarrow
28:54 Bodkin Arrow
32:59 Gillnets
33:28 Hand Cart
32:59 Town Watch
33:16 Scale Mail Armor
33:35 Caravan
34:17 Chain Mail Armor
34:57 Forging
34:09 Pikeman
34:49 Squires
34:35 Arson
34:10 Eagle Warrior
35:38 Holcans
36:58 Plate Mail Armor
37:02 Elite Eagle Warrior
40:50 Iron Casting
40:39 Gold Mining
43:01 Blast Furnace
48:22 Conscription
儒门大吊-日食
6:15 Loom
9:14 Feudal Age
9:56 Double-Bit Axe
12:25 Town Watch
18:00 Horse Collar
20:22 Wheelbarrow
23:31 Castle Age
21:42 Gold Mining
22:32 Stone Mining
23:26 Fishing Lines
26:13 Bow Saw
27:07 Fletching
30:09 Imperial Age
27:55 Hand Cart
28:13 Gillnets
29:18 Gold Shaft Mining
29:09 Heavy Plow
31:30 First Crusade
31:05 Bodkin Arrow
31:54 Ballistics
33:13 Chemistry
32:48 First Crusade
31:59 Onager
33:46 Conscription
33:29 Bracer
34:28 Crop Rotation
34:51 First Crusade
35:01 Scale Mail Armor
34:56 Elite Serjeant
35:52 Forging
36:00 Chain Mail Armor
36:01 Capped Ram
37:28 Plate Mail Armor
37:04 Squires
36:49 Arson
38:33 Forging
38:07 Siege Ram
39:30 Siege Engineers
40:25 Iron Casting
41:48 Caravan
43:36 Blast Furnace
45:03 Coinage
45:28 Masonry
46:30 Murder Holes
46:23 Arrowslits
46:35 Murder Holes
47:12 Banking
[LOEL] - Nep
1:14 Loom
11:51 Feudal Age
16:49 Castle Age
14:56 Double-Bit Axe
15:17 Fishing Lines
17:52 Bow Saw
20:08 Horse Collar
22:38 Fervor
24:24 Wheelbarrow
24:18 Gold Mining
25:32 Hand Cart
25:11 Stone Mining
25:32 Heavy Plow
26:47 Stone Shaft Mining
29:53 Imperial Age
27:20 Treadmill Crane
27:58 Scale Barding Armor
28:04 Forging
29:05 Chain Barding Armor
29:37 Bloodlines
29:28 Husbandry
29:49 Masonry
30:21 Iron Casting
30:36 Coinage
30:58 Conscription
31:40 Chemistry
31:18 Plate Barding Armor
31:19 Crop Rotation
31:52 Two-Man Saw
30:21 Elite Leitis
32:23 Banking
32:45 Iron Casting
33:00 Architecture
36:18 Fletching
36:50 Ballistics
37:14 Bodkin Arrow
38:25 Guilds
39:05 Hoardings
45:24 Light Cavalry
46:24 Bracer
46:19 Winged Hussar
47:32 Padded Archer Armor
48:17 Hill Forts
48:32 Elite Skirmisher
49:19 Thumb Ring
CrazyBen
12:19 Feudal Age
16:14 Castle Age
14:31 Double-Bit Axe
14:50 Horse Collar
17:42 Bow Saw
18:17 Heavy Plow
24:27 Wheelbarrow
24:48 Gold Mining
24:49 Stone Mining
24:58 Stone Mining
25:08 Loom
26:17 Hand Cart
26:44 Gold Shaft Mining
30:25 Imperial Age
29:30 Coinage
29:05 Town Watch
29:21 Fletching
29:54 Ballistics
29:25 Guard Tower
30:57 Yasama
31:01 Bodkin Arrow
31:44 Keep
32:10 Chemistry
31:14 Scale Mail Armor
31:22 Treadmill Crane
33:03 Two-Man Saw
32:59 Kataparuto
32:41 Arrowslits
33:46 Conscription
34:03 Hoardings
34:12 Bracer
33:56 Treadmill Crane
34:28 Masonry
34:45 Chain Mail Armor
34:41 Forging
36:01 Conscription
37:28 Hoardings
36:14 Elite Samurai
38:54 Plate Mail Armor
39:10 Siege Engineers
40:23 Iron Casting
44:16 Banking
CARANZA
1:19 Loom
12:04 Feudal Age
12:32 Double-Bit Axe
16:47 Horse Collar
22:31 Castle Age
21:23 Stone Mining
23:38 Bow Saw
30:17 Wheelbarrow
31:07 Gold Mining
35:17 Imperial Age
33:09 Fletching
33:20 Padded Archer Armor
34:22 Bodkin Arrow
35:32 Elite Elephant Archer
39:26 Bracer
明征虏大将军
1:34 Loom
11:43 Feudal Age
15:30 Castle Age
14:27 Double-Bit Axe
14:25 Horse Collar
17:48 Wheelbarrow
27:42 Bow Saw
27:58 Hand Cart
27:45 Heavy Plow
27:37 Gold Mining
27:38 Stone Mining
29:23 Fletching
30:31 Gold Shaft Mining
32:43 Imperial Age
30:29 Bodkin Arrow
30:37 Scale Mail Armor
30:59 Pikeman
31:40 Squires
32:02 Padded Archer Armor
32:17 Chain Mail Armor
32:15 Forging
32:17 Arson
33:56 Plate Mail Armor
32:48 Halberdier
33:50 Ballistics
33:12 Treadmill Crane
33:48 Bracer
34:27 Conscription
35:14 Caravan
35:52 Iron Casting
38:38 Blast Furnace
38:58 Guilds
40:15 Chemistry
41:59 Coinage
43:56 Masonry
43:53 Siege Engineers
明征北大将军
5:07 Loom
11:07 Feudal Age
11:40 Double-Bit Axe
17:53 Fishing Lines
22:09 Castle Age
21:46 Gold Mining
21:38 Horse Collar
26:10 Imperial Age
25:00 Wheelbarrow
24:12 Town Watch
25:42 Gold Shaft Mining
25:54 Padded Archer Armor
31:10 Leather Archer Armor
31:57 Heavy Plow
32:58 Capped Ram
34:53 Hand Cart
37:53 Bloodlines
39:29 Husbandry
40:55 Ring Archer Armor
41:57 Bombard Tower
41:20 Treadmill Crane
46:40 Caravan
BaiKai AOE
10:32 Feudal Age
11:56 Scale Barding Armor
14:04 Castle Age
12:22 Double-Bit Axe
13:22 Horse Collar
15:08 Bow Saw
15:57 Heavy Plow
19:10 Loom
23:03 Wheelbarrow
23:51 Fishing Lines
25:13 Hand Cart
26:07 Gold Mining
26:26 Stone Mining
30:53 Imperial Age
29:40 Gold Shaft Mining
29:12 Scale Barding Armor
29:18 Forging
31:03 Caravan
31:23 Bloodlines
31:13 Husbandry
31:57 Ballistics
32:39 Chemistry
31:45 Siege Engineers
31:46 Onager
32:54 Conscription
32:35 Gillnets
33:24 Elite Mameluke
35:21 Chain Barding Armor
35:36 Iron Casting
35:55 Man-at-Arms
36:20 Gambesons
36:36 Squires
36:38 Scale Mail Armor
37:14 Plate Barding Armor
39:26 Blast Furnace
38:42 Heavy Cavalry Archer
39:49 Fletching
40:00 Padded Archer Armor
40:28 Thumb Ring
41:26 Town Watch
42:43 Two-Man Saw
41:56 Masonry
42:53 Leather Archer Armor
42:34 Bodkin Arrow
Connection lost

Rejoining the realm…

Still unreachable

The connection could not be restored.

Session expired

The server has moved on; the page needs a fresh start.